 Dungeon Crawl Stone Soup version 0.17-a0-1954-g0dddeaa (webtiles) character file.

315 kae the Carver (level 6, -3/51 HPs)
             Began as a Minotaur Fighter on Oct 3, 2015.
             Slain by an orc
             ... wielding a +0 club
              (5 damage)
             ... on level 4 of the Dungeon.
             The game lasted 00:02:36 (2833 turns).

kae the Carver (Minotaur Fighter)                   Turns: 2833, Time: 00:02:37

Health: -3/51      AC:  7    Str: 21      XL:     6   Next: 20%
Magic:  5/5        EV:  7    Int:  4 (7)  God:
Gold:   104        SH:  0    Dex:  9      Spells: 0 memorised, 5 levels left

rFire  + . .     SeeInvis .     a - +0 long sword
rCold  x . .     Clarity  .     b - +1 scale mail
rNeg   . . .     SustAt   .     c - +0 shield
rPois  .         Gourm    .     (helmet restricted)
rElec  .         Spirit   .     (no cloak)
rCorr  .         Warding  .     (no gloves)
rMut   .         Stasis   .     (no boots)
MR     .....                    (no amulet)
Stlth  ..........               (no ring)
                                n - ring of fire

@: confused, lethally poisoned (-3 -> -11), very slightly contaminated,
invisible, not resistant to hostile enchantments, extremely unstealthy
A: retaliatory headbutt, horns 2
a: no special abilities


You were on level 4 of the Dungeon.
You were not hungry.

You visited 1 branch of the dungeon, and saw 4 of its levels.

You collected 104 gold pieces.

Inventory:

Hand weapons
 a - a +0 long sword (weapon)
Armour
 b - a +1 scale mail (worn)
 c - a +0 shield (worn)
Jewellery
 n - a ring of fire (left hand)
Scrolls
 f - a scroll of teleportation
 g - 3 scrolls of magic mapping
 o - a scroll of remove curse {unknown}
 p - a scroll of identify
Potions
 d - a potion of might
 k - a potion of brilliance
Comestibles
 e - 2 bread rations
 h - 2 beef jerkies
 i - a meat ration


   Skills:
 - Level 3.6 Fighting
 + Level 8.0 Long Blades
 - Level 3.6 Armour
 - Level 3.6 Shields


You had 5 spell levels left.
You didn't know any spells.

Dungeon Overview and Level Annotations

Branches:
Dungeon (4/15)
 Temple: D:4-7

Altars:
Elyvilon
Vehumet

Annotations:
D:4 exclusion: 2 doors, Natasha, Sigmund


Innate Abilities, Weirdness & Mutations

You reflexively headbutt those who attack you in melee.
You have a pair of horns on your head.


Message History

You feel sick. The orc hits you with a club. The orc priest barely misses you.
You are very lightly contaminated with residual magic.
You miss something.
You feel sick.
You hear some strange, mumbled words.
A magic dart appears from out of thin air!
The magic dart hits you!
* * * LOW HITPOINT WARNING * * *
The orc hits you but does no damage.
Natasha casts a spell.
The orc priest hits you but does no damage.
Something hits you.
* * * LOW HITPOINT WARNING * * *
You miss the orc. Your headbutt misses the orc.
* * * LOW HITPOINT WARNING * * *
You feel sick.
The iron imp shouts, "Bolt, thou lumpish hasty-witted whey-face!"
The orc hits you with a whip.
* * * LOW HITPOINT WARNING * * *
The orc hits you with a club.
You die...

#....
#####################))###
≈≈≈≈≈≈≈≈≈≈≈≈≈≈≈≈≈≈≈≈....≈≈
≈≈≈≈≈≈≈≈≈≈≈≈≈≈≈≈≈≈≈≈.....≈
≈≈≈≈≈≈≈≈≈≈≈≈≈≈≈≈≈≈≈≈.(.(≈≈
≈≈...≈≈.≈≈≈≈≈≈≈≈≈.≈≈.(..≈.
....5h.o.{................
...5.5ooooo...............
..#######@o....######.##.#
......{.###### #.....
....##### ###### ..


You could see an iron imp (wandering), 2 orc priests, Natasha, a white imp, a
shadow imp and 5 orcs.

Vanquished Creatures
  A big kobold (D:4)
  Jessica (D:2)
  A hound (D:4)
  2 worker ants (D:4)
  A gnoll (D:1)
  5 adders
  An ooze (D:2)
  2 worms (D:2)
  3 giant geckos
  8 orcs
  2 giant cockroaches
  9 goblins
  7 hobgoblins
  2 jackals (D:1)
  3 quokkas (D:2)
  2 ball pythons (D:3)
  10 bats
  3 giant newts
  9 kobolds
  8 rats
80 creatures vanquished.

Notes
Turn   | Place    | Note
--------------------------------------------------------------
     0 | D:1      | kae the Minotaur Fighter began the quest for the Orb.
     0 | D:1      | Reached XP level 1. HP: 19/19 MP: 0/0
   139 | D:1      | Reached XP level 2. HP: 24/26 MP: 1/1
   431 | D:1      | Reached skill level 4 in Long Blades
   503 | D:1      | Reached XP level 3. HP: 15/31 MP: 2/2
   987 | D:2      | Noticed Jessica
   993 | D:2      | Killed Jessica
   993 | D:2      | Reached skill level 5 in Long Blades
   993 | D:2      | Reached XP level 4. HP: 26/39 MP: 3/3
  1309 | D:2      | Found a radiant altar of Vehumet.
  1366 | D:2      | Reached skill level 6 in Long Blades
  2196 | D:3      | Reached XP level 5. HP: 45/45 MP: 4/4
  2412 | D:3      | Found a white marble altar of Elyvilon.
  2608 | D:4      | Reached skill level 7 in Long Blades
  2806 | D:4      | Reached XP level 6. HP: 48/51 MP: 5/5
  2819 | D:4      | Noticed Sigmund
  2827 | D:4      | Reached skill level 8 in Long Blades
  2828 | D:4      | Noticed Natasha
  2833 | D:4      | HP: 2/51 [orc/whip (3)]
  2833 | D:4      | Slain by an orc

Vault maps used:
D:1:      dpeg_arrival_snail
D:2:      vehumet_crystals, minmay_stone_trees_small, uniq_jessica
D:3:      lemuel_coloured_pillars_altar
D:4:      minmay_goblin_kobold_castle, first_bread, uniq_natasha, uniq_sigmund

Action                   |  1- 3 |  4- 6 || total
-------------------------+-------+-------++-------
Melee: Long sword        |    72 |   131 ||   203
  Use: Scroll            |       |    10 ||    10
       Potion            |       |     4 ||     4
  Eat: Chunk             |       |     6 ||     6
